 Dungeon Crawl Stone Soup version 0.17-a0-1481-gfdcec5c (webtiles) character file.

63 Fluffy the Unweaver (level 3, 0/29 HPs)
             Began as a Demonspawn Abyssal Knight on July 4, 2015.
             Was a Follower of Lugonu.
             Slain by an orc priest
             ... wielding a +0 dagger
              (1 damage)
             ... on level 3 of the Dungeon.
             The game lasted 00:04:59 (1921 turns).

Fluffy the Unweaver (Demonspawn Abyssal Knight)     Turns: 1921, Time: 00:04:59

Health: 0/29       AC:  7    Str: 13    XL:     3   Next: 89%
Magic:  5/5        EV:  9    Int: 13    God:    Lugonu [*.....]
Gold:   91         SH:  0    Dex: 12    Spells: 0 memorised, 2 levels left

rFire  + . .     SeeInvis .     a - +1 hand axe
rCold  . . .     Clarity  .     n - +0 scale mail
rNeg   . . .     SustAt   .     (no shield)
rPois  .         Gourm    .     p - +0 helmet
rElec  .         Spirit   .     (no cloak)
rCorr  .         Warding  .     (no gloves)
rMut   .         Stasis   .     (no boots)
MR     .....                    (no amulet)
Stlth  ..........               o - ring of fire
                                l - +3 ring of slaying

@: hasted and slowed, not resistant to hostile enchantments, extremely
unstealthy
A: cold resistance 1
a: Depart the Abyss, Renounce Religion


You were on level 3 of the Dungeon.
You worshipped Lugonu.
Lugonu was aware of your devotion.
You were not hungry.

You visited 1 branch of the dungeon, and saw 3 of its levels.
You visited the Abyss 1 time.

You collected 91 gold pieces.

Inventory:

Hand weapons
 a - a +1 hand axe (weapon)
Armour
 n - a +0 scale mail (worn)
 p - a +0 helmet (worn)
Jewellery
 l - a +3 ring of slaying (left hand)
 o - a ring of fire (right hand)
Magical devices
 e - a wand of random effects (19)
Potions
 d - a potion of flight {unknown}
 h - a potion of agility {unknown}
 i - a potion of cure mutation {unknown}
 k - a potion of haste
 m - a potion of poison {unknown}
 r - a potion of curing {unknown}
Comestibles
 b - 2 meat rations
 c - 4 bread rations
 g - 2 royal jellies


   Skills:
 + Level 3.3 Fighting
 + Level 2.4 Axes
 + Level 2.1 Armour
 + Level 1.8 Dodging
 + Level 3.4 Invocations


You had 2 spell levels left.
You didn't know any spells.

Dungeon Overview and Level Annotations

Branches:
Dungeon (3/15)

Altars:
Ashenzari
Cheibriados
Elyvilon
Fedhas
Qazlal
Vehumet


Innate Abilities, Weirdness & Mutations

Your flesh is cold resistant.


Message History

The orc wizard gestures wildly while chanting.
The orc wizard blinks!
The orc priest hits you but does no damage.
You hit the orc priest.
The orc priest is severely wounded.
You hit the orc wizard.
The orc wizard is moderately wounded.
The orc wizard gestures wildly while chanting.
The orc wizard blinks!
The orc priest invokes the aid of Beogh against you.
Something smites you!
* * * LOW HITPOINT WARNING * * *
The orc wizard mumbles some strange words.
The orc wizard blinks!
The orc priest mumbles some strange prayers to Beogh.
You feel troubled.
Drink which item? (? for menu, Esc to quit)
It was a potion of haste.
You feel yourself speed up. The orc priest hits you with a dagger.
You die...

*โ‰ˆโ‰ˆโ‰ˆ*
*,,,,.....,,,,*,,,*,
*,,,*#######o..,,,,,*,,,*,
**,*##!.....oo,,,,,,******
*,,,........#####,,* *,
****#..***#(....#*.# *,
#..* #(o...##.### *, #..*
##.....##...# *,
*****#..###.ยง....##...#
*, *,,,,#...@o._..)......#
** *,**,#.#..o...###.#...#
* *,*<..,#.....## #.....#
* *,#.#*,#.....# #.....# *
*..,**,#.....#**#.#...# *
*#,,,,,#####.........##***
*,,,,,,,,,,...###.##..,,*
*,,,,,,,,**####,..#*....*
*,,,,,,,,******.###*,...#


You could see an orc priest, an orc wizard and an orc.

Vanquished Creatures
  Terence (D:3)
  An ooze (D:2)
  A worm (D:2)
  4 giant geckos
  An orc (D:3)
  A giant cockroach (D:2)
  2 hobgoblins
  4 bats (D:1)
  A giant newt (D:2)
  2 goblins
  6 kobolds
  8 rats
  A bush (D:2)
  2 plants (D:2)
35 creatures vanquished.

Notes
Turn   | Place    | Note
--------------------------------------------------------------
     0 | Abyss:1  | Fluffy the Demonspawn Abyssal Knight began the quest for the Orb.
     0 | Abyss:1  | Reached XP level 1. HP: 18/18 MP: 2/2
    62 | Abyss:1  | Noticed an ancient zyme
    92 | Abyss:1  | Noticed a small abomination
   105 | Abyss:1  | Noticed a hell hog
   130 | Abyss:1  | Noticed a chaos spawn
   134 | D:1      | Escaped the Abyss
   273 | D:1      | Reached skill level 1 in Dodging
   288 | D:1      | Acquired Lugonu's first power
   593 | D:1      | Gained mutation: Your flesh is cold resistant. [demonic ancestry]
   593 | D:1      | Reached XP level 2. HP: 24/24 MP: 4/4
  1410 | D:2      | Reached XP level 3. HP: 7/29 MP: 5/5
  1438 | D:2      | Found a stormy altar of Qazlal.
  1571 | D:2      | Noticed a fire elemental
  1572 | D:2      | Noticed an air elemental
  1572 | D:2      | Noticed an earth elemental
  1572 | D:2      | Noticed a water elemental
  1612 | D:2      | Found a blossoming altar of Fedhas.
  1618 | D:2      | Found a white marble altar of Elyvilon.
  1618 | D:2      | Found a snail-covered altar of Cheibriados.
  1623 | D:2      | Found a radiant altar of Vehumet.
  1888 | D:3      | Found a shattered altar of Ashenzari.
  1888 | D:3      | Noticed Terence
  1903 | D:3      | Killed Terence
  1920 | D:3      | HP: 1/29 [orc priest/divine providence (8)]
  1921 | D:3      | Slain by an orc priest

Vault maps used:
D:1:      dpeg_arrival_sounds_slurp
D:2:      lemuel_upstairs_altar, minitemple, serial_forest,
          infiniplex_forest_clump_medium, infiniplex_forest_diagonal,
          infiniplex_forest_clump_small, infiniplex_forest_clump_small,
          nicolae_qazlal_style_of_elements
D:3:      nicolae_overflow_crystal_walls, portal_sewer_entry_f, uniq_robin,
          uniq_terence

Action                   || total
-------------------------++-------
Melee: Hand axe          ||   175
Invok: Depart the Abyss  ||     1
  Use: Scroll            ||     3
       Potion            ||     1
 Stab: Sleeping          ||     1
  Eat: Chunk             ||     4
